 Dungeon Crawl Stone Soup version 0.19.5 (webtiles) character file.

881 tidbits the Carver (level 7, -3/45 HPs)
             Began as a High Elf Skald on July 13, 2017.
             Slain by a hill giant
             ... wielding a +0 giant club
              (32 damage)
             ... on level 6 of the Dungeon.
             The game lasted 00:25:30 (2750 turns).

tidbits the Carver (High Elf Skald)                 Turns: 2750, Time: 00:25:30

Health: -3/45      AC:  4    Str: 13    XL:     7   Next: 75%
Magic:  1/12       EV: 14    Int: 15    God:
Gold:   249        SH:  0    Dex: 16    Spells: 5 memorised, 1 level left

rFire  . . .     SeeInvis .     a - +0 long sword
rCold  . . .     Gourm    +     B - +0 leather armour
rNeg   . . .     Faith    .     (no shield)
rPois  .         Spirit   .     (no helmet)
rElec  .         Reflect  .     C - +0 cloak
rCorr  .         Harm     .     (no gloves)
MR     .....                    (no boots)
Stlth  ++........               p - amulet of the gourmand
                                (no ring)
                                (no ring)

@: very slightly contaminated
A: no striking features
a: no special abilities


You were on level 6 of the Dungeon.
You were full.

You visited 1 branch of the dungeon, and saw 6 of its levels.

You collected 249 gold pieces.

Inventory:

Hand Weapons
 a - a +0 long sword (weapon)
   (You found it on level 4 of the Dungeon)
 b - the +2 hand crossbow "Lasmomim" {venom, rPois Int+3}
   (You found it on level 5 of the Dungeon)

   It poisons the ammo it fires.
   It affects your intelligence (+3).
   It protects you from poison.
 u - a +0 hunting sling
   (You found it on level 4 of the Dungeon)
Missiles
 g - 176 stones
 k - 7 poisoned tomahawks (quivered)
 l - 46 sling bullets
 n - 34 arrows
Armour
 B - a +0 leather armour (worn)
 C - a +0 cloak (worn)
   (You found it on level 1 of the Dungeon)
Jewellery
 p - an amulet of the gourmand (around neck)
   (You found it on level 2 of the Dungeon)
 s - an uncursed amulet of guardian spirit
   (You found it on level 4 of the Dungeon)
Wands
 d - a wand of digging (16/24)
   (You found it on level 2 of the Dungeon)
Scrolls
 e - a scroll of magic mapping {unknown}
 h - a scroll of random uselessness {unknown}
 m - a scroll of blinking {unknown}
 o - a scroll of immolation {unknown}
 q - a scroll of noise {unknown}
 r - 3 scrolls of remove curse
 z - a scroll of enchant weapon {unknown}
 E - 2 scrolls of fog
 F - a scroll of teleportation {unknown}
Potions
 t - a potion of curing
 v - a potion of haste {unknown}
 w - a potion of flight {unknown}
 x - a potion of lignification
 A - a potion of might {unknown}
 D - 2 potions of agility {unknown}
Books
 c - a book of Battle

   Spells                             Type                      Level
   a - Infusion                       Charms                       1
   b - Shroud of Golubria             Charms/Translocation         2
   c - Song of Slaying                Charms                       2
   d - Spectral Weapon                Hexes/Charms                 3
   e - Regeneration                   Charms/Necromancy            3
 y - a book of Callings
   (You found it on level 6 of the Dungeon)

   Spells                             Type                      Level
   a - Summon Small Mammal            Summoning                    1
   b - Call Imp                       Summoning                    2
   c - Call Canine Familiar           Summoning                    3
   d - Summon Guardian Golem          Hexes/Summoning              3
   e - Summon Lightning Spire         Summoning/Air                4
   f - Summon Ice Beast               Ice/Summoning                4
Comestibles
 f - 3 fruits
 i - a meat ration
 j - 4 bread rations


   Skills:
 - Level 2.0 Fighting
 - Level 8.2 Long Blades
 - Level 0.8 Armour
 + Level 4.3 Dodging
 - Level 1.2 Stealth
 - Level 3.2 Spellcasting
 - Level 2.1 Hexes
 - Level 4.8 Charms


You had one spell level left.
You knew the following spells:

 Your Spells              Type           Power        Failure   Level  Hunger
g - Shroud of Golubria    Chrm/Tloc      #.........   17%         2    ##.....
i - Infusion              Chrm           ###.         3%          1    #......
r - Regeneration          Chrm/Necr      #.........   30%         3    ###....
s - Song of Slaying       Chrm           ###.....     6%          2    ##.....
w - Spectral Weapon       Hex/Chrm       ##......     21%         3    ###....


Dungeon Overview and Level Annotations

Branches:
Dungeon (6/15)
 Temple: D:4-7

Altars:

Annotations:
D:4 tidbits's ghost, amateur HEAE
D:5 exclusion: ogre
D:6 exclusions: hill giant and iguana


Message History

You see here a fine hand crossbow.
E - a fine hand crossbow
Okay, then.
Wield which item (- for none, * to show all)? (? for menu, Esc to quit)
You feel clever.
The +2 hand crossbow "Lasmomim" {venom, rPois Int+3} begins to drip with poison!
E - the +2 hand crossbow "Lasmomim" (weapon)
{venom, rPois Int+3} Adjust (i)tems, (s)pells, or (a)bilities?
Adjust which item? (? for menu, Esc to quit)
E - the +2 hand crossbow "Lasmomim" (weapon)
{venom, rPois Int+3} Adjust to which letter? (? for menu, Esc to quit)
b - the +2 hand crossbow "Lasmomim" (weapon)
{venom, rPois Int+3}
E - 2 scrolls of fog Search for what [? for help]? bolt Can't find anything matching that.
Unknown command.
Wield which item (- for none, * to show all)? (? for menu, Esc to quit)
The +2 hand crossbow "Lasmomim" {venom, rPois Int+3} stops dripping with poison.
a - a +0 long sword (weapon)
F - a scroll labeled YFODDUOKIS
g - 176 stones (gained 23)
There is an open door here.
There is a stone staircase leading up here.
There is a stone staircase leading down here.
You climb downwards.
Level annotation: exclusions: hill giant and iguana
There is a stone staircase leading up here.
Casting: Spectral Weapon
Confirm with . or Enter, or press ? or * to list all spells.
You miscast Spectral Weapon.
You are very lightly contaminated with residual magic.
You feel a strange surge of energy!
Casting: Spectral Weapon
Confirm with . or Enter, or press ? or * to list all spells.
You draw out your weapon's spirit!
Casting: Spectral Weapon
Confirm with . or Enter, or press ? or * to list all spells.
Space distorts slightly along a thin shroud covering your body.
Really walk into a travel-excluded area?
Okay, then.
Really walk into a travel-excluded area?
Throwing (i - inventory. (,) - cycle):
k - 8 poisoned tomahawks (quivered)
Press: ? - help, Shift-Dir - straight line, f - iguana
Aim: an iguana (resting)
You throw a poisoned tomahawk. The poisoned tomahawk hits the iguana.
The iguana is poisoned.
The iguana is lightly wounded.
You slash the iguana!
The iguana is almost dead.
Your spectral weapon closely misses the iguana.
The iguana misses you.
You completely miss the iguana.
The iguana is almost dead.
Your spectral weapon barely misses the iguana.
The iguana barely misses you.
You hit the iguana.
You kill the iguana!
Casting: Shroud of Golubria
Confirm with . or Enter, or press ? or * to list all spells.
Your skin crawls.
There is a stone staircase leading up here.
Really walk into a travel-excluded area?
Your shroud begins to fray at the edges.
Your skin is crawling a little less now.
Casting: Regeneration
Confirm with . or Enter, or press ? or * to list all spells.
You miscast Shroud of Golubria.
Nothing appears to happen.
You hit the hill giant.
The hill giant is lightly wounded.
Your spectral weapon hits the hill giant!
The hill giant closely misses you.
You hit the hill giant but do no damage.
The hill giant is moderately wounded.
Your spectral weapon hits the hill giant.
The hill giant hits you with a giant club!!
Unknown command.
You hit the hill giant.
The hill giant is moderately wounded.
Your spectral weapon completely misses the hill giant.
Your shroud bends the hill giant's attack away!!
Unknown command.
You hit the hill giant.
The hill giant is moderately wounded.
Your shroud unravels.
Your spectral weapon hits the hill giant!
Unknown command.
You hit the hill giant but do no damage.
The hill giant is severely wounded.
Your skin stops crawling.
Your spectral weapon hits the hill giant but does no damage.
The hill giant closely misses you.
You riposte.
You hit the hill giant.
The hill giant is severely wounded.
Unknown command.
You barely miss the hill giant.
The hill giant is severely wounded.
Your spectral weapon hits the hill giant.
The hill giant hits you with a giant club!!
Ouch! That really hurt!
You die...

###### #....#
#### #.[..#
..... #....# [
.....##....###..
................
......C@........
.....##(...##..#
... #<.......# .
#.....#...
##.##.# #. #.#
... ..# ### ..#
#(.#


You could see a hill giant and a friendly spectral long sword.

Vanquished Creatures
  A water moccasin (D:5)
  Purgy (D:3)
  An ogre (D:5)
  A phantom (D:5)
  A scorpion (D:5)
  A crimson imp (D:5)
  A jelly (D:5)
  An orc priest (D:4)
  A bullfrog skeleton (D:5)
  2 iguanas
  3 worker ants
  A hound zombie (D:6)
  2 worker ant zombies (D:5)
  A gnoll (D:3)
  10 adders
  2 worms (D:3)
  A dart slug (D:3)
  2 leopard geckos
  6 orcs
  A ball python (D:1)
  6 bats
  6 giant cockroaches
  6 goblins
  7 hobgoblins
  9 jackals
  A quokka (D:4)
  6 frilled lizards
  6 kobolds
  A leopard gecko skeleton (D:4)
  9 rats
97 creatures vanquished.

Notes
Turn   | Place    | Note
-------+----------+-------------------------------------------
     0 | D:1      | tidbits the High Elf Skald began the quest for the Orb.
     0 | D:1      | Reached XP level 1. HP: 14/14 MP: 4/4
    50 | D:2      | Reached skill level 3 in Spellcasting
    50 | D:2      | Reached XP level 2. HP: 17/19 MP: 1/7
    54 | D:2      | Learned a level 2 spell: Shroud of Golubria
   285 | D:2      | Reached skill level 1 in Stealth
   393 | D:3      | Reached skill level 3 in Long Blades
   453 | D:3      | Reached XP level 3. HP: 24/24 MP: 1/8
   483 | D:3      | Learned a level 3 spell: Spectral Weapon
   580 | D:3      | Noticed Purgy
   603 | D:3      | Killed Purgy
   603 | D:3      | Reached skill level 2 in Hexes
   603 | D:3      | Reached skill level 4 in Charms
   603 | D:3      | Reached XP level 4. HP: 12/29 MP: 2/9
   609 | D:3      | Learned a level 3 spell: Regeneration
   670 | D:3      | Reached XP level 5. HP: 20/34 MP: 3/10
   951 | D:2      | Reached skill level 4 in Long Blades
  1421 | D:3      | Reached skill level 5 in Long Blades
  1574 | D:5      | Entered Level 5 of the Dungeon
  1595 | D:5      | Reached XP level 6. HP: 30/39 MP: 7/11
  1607 | D:5      | Noticed a water moccasin
  1615 | D:5      | Killed a water moccasin
  1615 | D:5      | Reached skill level 6 in Long Blades
  1780 | D:5      | Reached skill level 7 in Long Blades
  1808 | D:6      | Noticed a hill giant
  1828 | D:4      | Noticed tidbits's ghost (amateur HEAE)
  1918 | D:5      | Reached XP level 7. HP: 13/45 MP: 7/12
  2082 | D:4      | Reached skill level 8 in Long Blades
  2322 | D:6      | Reached skill level 2 in Dodging
  2418 | D:5      | Reached skill level 3 in Dodging
  2422 | D:5      | Learned a level 2 spell: Song of Slaying
  2597 | D:5      | Reached skill level 4 in Dodging
  2650 | D:5      | Got a fine hand crossbow
  2651 | D:5      | Identified the +2 hand crossbow "Lasmomim" {venom, rPois Int+3} (You found it on level 5 of the Dungeon)
  2750 | D:6      | Slain by a hill giant

Skill      XL: |  1  2  3  4  5  6  7 |
---------------+----------------------+-----
Spellcasting   | 3 |  3.2
Stealth        | 1 |  1.2
Long Blades    | 3 5 7 8 |  8.2
Hexes          | 2 |  2.1
Charms         | 4 |  4.8
Dodging        | 4 |  4.3
Fighting       | |  2.0
Armour         | |  0.8

Action                   |  1- 3 |  4- 6 |  7- 9 || total
-------------------------+-------+-------+-------++-------
Melee: Falchion          |    53 |   128 |     7 ||   188
       Long sword        |       |       |    61 ||    61
Throw: Tomahawk          |     1 |     1 |     6 ||     8
 Cast: Infusion          |    11 |    11 |       ||    22
       Spectral Weapon   |     1 |    10 |    14 ||    25
       Shroud of Golubri |     1 |     7 |    10 ||    18
       Regeneration      |       |     3 |     5 ||     8
  Use: Scroll            |     1 |     4 |     1 ||     6
       Potion            |     1 |       |     1 ||     2
 Stab: Sleeping          |     1 |     4 |     1 ||     6
       Distracted        |       |       |     2 ||     2
  Eat: Chunk             |       |     5 |    10 ||    15
       Beef jerky        |       |     1 |       ||     1
Armor: Leather armour    |    34 |    32 |     7 ||    73
       Skin              |     4 |       |       ||     4
Dodge: Dodged            |    34 |    60 |    43 ||   137
       Rpst.: Falchion   |     7 |    21 |     3 ||    31
       Long sword        |       |       |    14 ||    14

Table legend:
 A = Turns spent in this place as a percentage of turns spent in the entire game.
 B = Non-inter-level travel turns spent in this place as a percentage of non-inter-level travel turns spent in the entire game.
 C = Inter-level travel turns spent in this place as a percentage of turns spent in this place.
 D = Turns resting spent in this place as a percentage of non-inter-level travel turns spent in this place.
 E = Turns spent auto-exploring this place as a percentage of non-inter-level travel turns spent in this place.
 F = Non-inter-level travel turns spent in this place divided by the number of levels of this place that you've seen.
                   A       B       C       D       E      F
               +-------+-------+-------+-------+-------+----------------------
         Total | 100.0 | 100.0 |   0.4 |   0.2 |   0.0 | 389.5
       Dungeon | 100.0 | 100.0 |   0.4 |   0.2 |   0.0 | 389.5
               +-------+-------+-------+-------+-------+----------------------

Table legend:
 A = Kills in this place as a percentage of kills in entire the game.
 B = Kills by you in this place as a percentage of kills by you in the entire game.
 C = Kills by friends in this place as a percentage of kills by friends in the entire game.
 D = Other kills in this place as a percentage of other kills in the entire game.
 E = Experience gained in this place as a percentage of experience gained in the entire game.
 F = Experience gained in this place divided by the number of levels of this place that you have seen.
                   A       B       C       D       E      F
               +-------+-------+-------+-------+-------+----------------------
         Total | 100.0 | 100.0 |  -nan |  -nan | 100.0 | 209.8
       Dungeon | 100.0 | 100.0 |  -nan |  -nan | 100.0 | 209.8
               +-------+-------+-------+-------+-------+----------------------

Vault maps used:
D:1:      mrwooster_arrival_arrow
D:2:      minmay_misc_feat_diagonals, uniq_crazy_yiuf_cottage
D:3:      minmay_close_crescents, uniq_purgy
D:5:      first_bread
